 Dungeon Crawl Stone Soup version 0.29-a0-275-g389c0b56f3 (webtiles) character file.

Game seed: 733061650255918034

4 Ordine the Slasher (level 1, 0/12 HPs)
             Began as a Tengu Warper on Mar 9, 2022.
             Slain by a hobgoblin (3 damage)
             ... on level 1 of the Dungeon.
             The game lasted 00:00:32 (252 turns).

Ordine the Slasher (Tengu Warper)                    Turns: 252, Time: 00:00:33

Health: 0/12       AC:  3    Str: 11    XL:     1   Next: 70%
Magic:  4/4        EV: 11    Int: 13    God:
Gold:   24         SH:  0    Dex: 13    Spells: 4/4 levels left

rFire   . . .      SeeInvis .   a - +0 falchion
rCold   . . .      Faith    .   (no shield)
rNeg    . . .      Spirit   .   b - +0 leather armour
rPois   .          Reflect  .   (helmet restricted)
rElec   .          Harm     .   (no cloak)
rCorr   .          Rampage  .   (no gloves)
Will    .....                   (boots unavailable)
Stlth   +.........              (no amulet)
HPRegen 0.04/turn               (no ring)
MPRegen 0.09/turn               (no ring)

@: no status effects
A: beak, talons 3
a: no special abilities


You were on level 1 of the Dungeon.
You visited 1 branch of the dungeon, and saw 1 of its levels.

You collected 24 gold pieces.

Inventory:

Hand Weapons
 a - a +0 falchion (weapon)
Missiles
 d - 7 boomerangs of dispersal
Armour
 b - a +0 leather armour (worn)
Jewellery
 g - a ring of willpower
Scrolls
 c - a scroll of blinking
 e - a scroll of vulnerability {unknown}
Potions
 f - a potion of mutation {unknown}


   Skills:
 + Level 2.1 Fighting
 * Level 2.5 Long Blades
 + Level 1.1 Throwing
 - Level 1.1 Armour
 - Level 2.1 Dodging
 - Level 2.0 Spellcasting
 - Level 2.4 Translocations


You had 4 spell levels left.
You didn't know any spells.
Your spell library contained the following spells:

 Spells                   Type           Power      Damage    Failure   Level
 Blink                    Tloc           14%        N/A       19%         2
 Gell's Gravitas          Tloc           7%         N/A       36%         3
 Lesser Beckoning         Tloc           7%         N/A       36%         3
 Teleport Other           Tloc           7%         N/A       36%         3
 Petrify                  Tmut/Erth      1%         N/A       97%         4
 Manifold Assault         Tloc           7%         N/A       98%         5
 Metabolic Englaciation   Hex/Ice        0%         N/A       100%        5
 Statue Form              Tmut/Erth      0%         N/A       100%        6


Dungeon Overview and Level Annotations

Branches:
Dungeon (1/15)

Altars:


Innate Abilities, Weirdness & Mutations

You have a beak for a mouth.
You have claws for feet.


Message History

There is a large open door here.
You open the large door.
A rat comes into view.
There is a large open door here.
There is a large open door here.
You hit the rat.
You kill the rat!
No target in view!
You now have 24 gold pieces (gained 5).
g - a ring of willpower A hobgoblin comes into view.
Found a dagger.
A rat comes into view.
The hobgoblin shouts!
You hear a shout!
A hobgoblin comes into view.
A rat comes into view.
The hobgoblin completely misses you.
You hit the hobgoblin. You claw the hobgoblin.
You kill the hobgoblin!
The rat twitches its whiskers.
You slash the rat!
You kill the rat!
You closely miss the rat. The rat bites you but does no damage.
The rat bites you. The hobgoblin hits you.
You hit the rat.
You kill the rat!
The hobgoblin barely misses you.
You hit the hobgoblin but do no damage. The hobgoblin hits you.
You hit the hobgoblin. Your kick misses the hobgoblin.
The hobgoblin is moderately wounded.
The hobgoblin barely misses you.
You hit the hobgoblin.
You claw the hobgoblin, but do no damage.
The hobgoblin is severely wounded.
The hobgoblin hits you.
You hit the hobgoblin but do no damage.
The hobgoblin is severely wounded.
The hobgoblin hits you.
* * * LOW HITPOINT WARNING * * *
The hobgoblin hits you.
You die...

#≈######♣##'##♣######
≈≈≈≈≈≈≈≈≈≈.≈≈≈≈≈≈≈ .
#. .#....#....#..# ..
#.#####......##
##.##...#...#.#.##
........#..##....##
#.... #....####.#.#
#....#.###.# #..##
#.@.# ..#####
#..g...#...
#..)..#...###
#....###.## ..#....
.# ....##.. # .....
... #.### ...#


You could see a hobgoblin.

Vanquished Creatures
  A hobgoblin (D:1)
  A ball python (D:1)
  A bat (D:1)
  3 rats (D:1)
6 creatures vanquished.

Notes
Turn   | Place    | Note
-------+----------+-------------------------------------------
     0 | D:1      | Ordine the Tengu Warper began the quest for the Orb.
     0 | D:1      | Reached XP level 1. HP: 12/12 MP: 4/4
   252 | D:1      | Slain by a hobgoblin

Illustrated notes

Levels and vault maps discovered:
D:1:      saegor_arrival_fortress, layout_loops_cross, serial_shops,
          nicolae_shop_hallway_stairs, minmay_misc_feat_chi,
          minmay_misc_feat_tower

Action                   || total
-------------------------++-------
Melee: Falchion          ||    11
       Kick              ||     2
Armor: Leather armour    ||     3
Dodge: Dodged            ||     3

Table legend: (Time is in decaauts)
 A = Elapsed time spent in this place.
 B = Non-inter-level travel time spent in this place.
 C = Inter-level travel time spent in this place.
 D = Time resting spent in this place.
 E = Time spent auto-exploring this place.
 F = Levels seen in this place.
 G = Mean time per level.
                   A        B        C        D        E       F      G
               +--------+--------+--------+--------+--------+-----+--------+
         Total |    253 |    253 |      0 |      0 |    219 |   1 |  253.0 |
       Dungeon |    253 |    253 |      0 |      0 |    219 |   1 |  253.0 |
               +--------+--------+--------+--------+--------+-----+--------+

Top non-repeatable levels by time:
     D:1: 253 daAuts
